 Dungeon Crawl Stone Soup version 0.30-a0-847-g17996783a1 (webtiles) character file.

Game seed: 6205587247372129072

658 Maxmaps the Shield-Bearer (level 7, 0/60 HPs)
             Began as a Gnoll Fighter on Mar 3, 2023.
             Killed from afar by an acid dragon (26 damage)
             ... with a splash of acid
             ... on level 5 of the Dungeon on Mar 4, 2023.
             The game lasted 00:06:18 (4753 turns).

Maxmaps the Shield-Bearer (Gnoll Fighter)           Turns: 4753, Time: 00:06:19

Health: 0/60       AC: 13    Str: 12 (15) XL:     7   Next: 55%
Magic:  18/18      EV:  6    Int:  9      God:
Gold:   328        SH:  6    Dex: 12      Spells: 11/11 levels left

rFire   . . .      SeeInvis .    q - +1 rapier (drain)
rCold   . . .      Faith    .    c - +1 buckler
rNeg    . . .      Spirit   .    n - +0 chain mail
rPois   .          Reflect  .    (no helmet)
rElec   .          Rampage  .    r - +0 cloak
rCorr   .          Rage     3%   k - +0 pair of gloves
Will    .....                    (no boots) Stlth
                                 (no amulet)
HPRegen 0.30/turn                p - ring of magical power
MPRegen 0.16/turn                v - ring of wizardry

@: no status effects
A: fangs 1, strong nose, distributed training, berserk 1, low MP 1
a: no special abilities


You were on level 5 of the Dungeon.
You visited 1 branch of the dungeon, and saw 5 of its levels.
You also visited: Ossuary.

You collected 328 gold pieces.

Inventory:

Hand Weapons
 q - a +1 rapier of draining (weapon)
 s - a +1 short sword of venom
Armour
 c - a +1 buckler (worn)
 k - a +0 pair of gloves (worn)
 n - a +0 chain mail (worn)
 r - a +0 cloak (worn)
Jewellery
 p - a ring of magical power (left hand)
 v - a ring of wizardry (right hand)
Wands
 y - a wand of light (11)
Scrolls
 g - 4 scrolls of amnesia
 l - 3 scrolls of identify
 o - a scroll of teleportation
 t - a scroll of blinking {unknown}
Potions
 a - 3 potions of heal wounds
 b - a potion of haste
 d - 2 potions of might
 e - 3 potions of brilliance
 f - 2 potions of magic
 h - 4 potions of berserk rage
 i - 5 potions of curing
 j - 2 potions of ambrosia
 m - 2 potions of flight


   Skills:
 + Level 7.1 Fighting
 + Level 2.6 Short Blades
 + Level 2.6 Long Blades
 + Level 2.6 Axes
 + Level 5.3 Maces & Flails
 + Level 2.6 Polearms
 + Level 2.6 Staves
 + Level 2.6 Ranged Weapons
 + Level 2.6 Throwing
 + Level 7.1 Armour
 + Level 2.6 Dodging
 + Level 2.6 Stealth
 + Level 7.1 Shields
 + Level 2.6 Unarmed Combat
 + Level 2.6 Spellcasting
 + Level 2.1 Conjurations
 + Level 2.1 Hexes
 + Level 2.1 Summonings
 + Level 2.1 Necromancy
 + Level 2.1 Translocations
 + Level 2.1 Transmutations
 + Level 2.1 Fire Magic
 + Level 2.1 Ice Magic
 + Level 2.1 Air Magic
 + Level 2.1 Earth Magic
 + Level 2.1 Poison Magic
 + Level 3.0 Invocations
 + Level 2.6 Evocations


You had 11 spell levels left.
You didn't know any spells.
Your spell library contained the following spells:

 Spells                   Type           Power      Damage    Failure   Level
 Kiss of Death            Conj/Necr      20%        2d7       82%         1
 Confusing Touch          Hex            5%         N/A       99%         3
 Portal Projectile        Hex/Tloc       10%        N/A       99%         3
 Tukima's Dance           Hex            5%         N/A       99%         3
 Dispel Undead            Necr           5%         3d7       100%        4
 Blade Hands              Tmut           2%         N/A       100%        5
 Summon Forest            Summ/Tloc      2%         N/A       100%        5
 Summon Mana Viper        Hex/Summ       5%         N/A       100%        5
 Summon Cactus Giant      Summ           2%         N/A       100%        6


Dungeon Overview and Level Annotations

Branches:
Dungeon (5/15)            Ossuary (visited)
 Temple: D:4-7

Altars:
Qazlal
Uskayaw
Yredelemnul

Shops:
D:4 *


Innate Abilities, Weirdness & Mutations

You have very sharp teeth.
Your uncanny sense of smell can sniff out nearby items.
Your experience applies equally to all skills.
You sometimes lose your temper in combat.
Your magical capacity is low. (-10% MP)


Message History

You hit the acid dragon but do no damage.
You drain the acid dragon.
The acid dragon is lightly wounded.
You block the acid dragon's attack.
The acid dragon claws you but does no damage.
You barely miss the acid dragon.
The acid dragon is lightly wounded.
The acid dragon spits acid at you. The splash of acid hits you.
You hit the acid dragon but do no damage.
You drain the acid dragon.
The acid dragon is lightly wounded.
The acid dragon bites you but does no damage.
The acid dragon barely misses you.
You closely miss the acid dragon.
The acid dragon is lightly wounded.
The acid dragon bites you but does no damage.
The acid dragon barely misses you.
You closely miss the acid dragon.
The acid dragon is lightly wounded.
The acid dragon barely misses you.
The acid dragon claws you but does no damage.
You hit the acid dragon. You drain the acid dragon.
The acid dragon is heavily wounded.
The acid dragon bites you. You block the acid dragon's attack.
You closely miss the acid dragon.
You bite the acid dragon, but do no damage.
The acid dragon is heavily wounded.
You block the acid dragon's attack.
The acid dragon claws you but does no damage.
You hit the acid dragon. You drain the acid dragon.
You bite the acid dragon, but do no damage.
The acid dragon is severely wounded.
The acid dragon bites you but does no damage.
The acid dragon claws you but does no damage.
You barely miss the acid dragon.
The acid dragon is severely wounded.
The acid dragon spits acid at you. The splash of acid hits you!!
You die...

.## ##### ..# ...
..... .. #.# #####
##.. ...
....#####.#
#.........#
#.#.###...####
#D#..>.......#
#@#...##..##.#
#.#...##..##.#
#.#...##..##.##
#.........##..####
#########.........
#..###.###
#..#......
#..#.##.#. #..#.
#.#.


You could see an acid dragon (catching breath, very drained).

Vanquished Creatures
  A phantom (D:5)
  An elf zombie (Ossuary)
  A scorpion (D:5)
  3 human zombies (Ossuary)
  2 jellies
  Crazy Yiuf (D:2)
  A sleepcap (D:5)
  Jessica (D:2)
  An iguana (D:5)
  4 mummies (Ossuary)
  3 gnolls (D:5)
  3 adders
  A white imp (D:3)
  2 worms (D:2)
  A dart slug (D:3)
  6 orcs
  3 ball pythons
  5 endoplasms
  3 giant cockroaches
  A gnoll zombie (Ossuary)
  5 goblins
  2 hobgoblins
  6 jackals
  8 kobolds
  5 quokkas
  4 bats
  2 frilled lizards
  A goblin zombie (Ossuary)
  A hobgoblin zombie (Ossuary)
  3 jackal zombies (Ossuary)
  A kobold zombie (Ossuary)
  5 rats
  A rat zombie (Ossuary)
88 creatures vanquished.

Vanquished Creatures (others)
  A kobold (D:2)
1 creature vanquished.

Grand Total: 89 creatures vanquished

Notes
Turn   | Place    | Note
-------+----------+-------------------------------------------
     0 | D:1      | Maxmaps the Gnoll Fighter began the quest for the Orb.
     0 | D:1      | Reached XP level 1. HP: 23/23 MP: 1/1
   260 | D:1      | Reached XP level 2. HP: 29/29 MP: 2/2
   850 | D:2      | Reached XP level 3. HP: 32/35 MP: 3/3
   970 | D:2      | Reached skill level 1 in Invocations
  1033 | D:2      | Noticed Jessica
  1034 | D:2      | Found a stormy altar of Qazlal.
  1040 | D:2      | Killed Jessica
  1041 | D:2      | Reached skill level 1 in Short Blades
  1041 | D:2      | Reached skill level 1 in Long Blades
  1041 | D:2      | Reached skill level 1 in Axes
  1041 | D:2      | Reached skill level 1 in Polearms
  1041 | D:2      | Reached skill level 1 in Staves
  1041 | D:2      | Reached skill level 1 in Ranged Weapons
  1041 | D:2      | Reached skill level 1 in Throwing
  1041 | D:2      | Reached skill level 1 in Dodging
  1041 | D:2      | Reached skill level 1 in Stealth
  1041 | D:2      | Reached skill level 1 in Unarmed Combat
  1041 | D:2      | Reached skill level 1 in Spellcasting
  1041 | D:2      | Reached skill level 1 in Evocations
  1041 | D:2      | Reached XP level 4. HP: 36/41 MP: 5/5
  1414 | D:2      | Found a faded altar of an unknown god.
  1467 | D:2      | Reached skill level 1 in Conjurations
  1467 | D:2      | Reached skill level 1 in Hexes
  1467 | D:2      | Reached skill level 1 in Summonings
  1467 | D:2      | Reached skill level 1 in Necromancy
  1467 | D:2      | Reached skill level 1 in Translocations
  1467 | D:2      | Reached skill level 1 in Transmutations
  1467 | D:2      | Reached skill level 1 in Fire Magic
  1467 | D:2      | Reached skill level 1 in Ice Magic
  1467 | D:2      | Reached skill level 1 in Air Magic
  1467 | D:2      | Reached skill level 1 in Earth Magic
  1467 | D:2      | Reached skill level 1 in Poison Magic
  1631 | D:2      | Found a runed translucent door.
  1632 | D:2      | Noticed Crazy Yiuf
  1932 | D:2      | Killed Crazy Yiuf
  2242 | D:3      | Reached XP level 5. HP: 47/47 MP: 7/7
  2508 | D:3      | Found a hide-covered altar of Uskayaw.
  2921 | D:4      | Found a basalt altar of Yredelemnul.
  2948 | D:4      | Found a sand-covered staircase.
  2955 | Ossuary  | Entered an ossuary
  2989 | Ossuary  | Gained mutation: You are clumsy. (Dex -2) [potion of
                  | mutation]
  2989 | Ossuary  | Lost mutation: You are clumsy. (Dex -2) [potion of
                  | mutation]
  2989 | Ossuary  | Gained mutation: You have hidden genetic defects. [potion
                  | of mutation]
  3016 | Ossuary  | Reached XP level 6. HP: 27/53 MP: 8/8
  3023 | Ossuary  | Gained mutation: You sometimes lose your temper in combat.
                  | [hidden defects]
  3079 | Ossuary  | Reached skill level 5 in Maces & Flails
  3097 | Ossuary  | Gained mutation: Your magical capacity is low. (-10% MP)
                  | [hidden defects]
  3097 | Ossuary  | Lost mutation: You have hidden genetic defects. [hidden
                  | defects expressed]
  3616 | D:4      | Found Jereal's Assorted Antiques.
  4131 | D:5      | Entered Level 5 of the Dungeon
  4251 | D:5      | Reached XP level 7. HP: 58/60 MP: 9/9
  4753 | D:5      | Killed from afar by an acid dragon

Illustrated notes

Levels and vault maps discovered:
D:1:      lemuel_arrival_hallway, layout_loops_corners
D:2:      layout_basic, dilly_ecumenical_altar_fadedgnrine, basic_altar,
          serial_bayou_pond_a, uniq_crazy_yiuf_cottage, uniq_jessica
D:3:      layout_rooms, marbit_many_paths, chequers_serial_rivers_room_a,
          minmay_misc_feat_columns
D:4:      layout_rooms, mainiacjoe_overflow_concentric_impassable,
          chequers_ossuary_entry_cave, serial_shops,
          nicolae_shop_window_shopping
D:5:      layout_basic, lemuel_tele_altar

Skill      XL: |  1  2  3  4  5  6  7 |
---------------+----------------------+-----
Invocations    | 1 2 3 |  3.0
Short Blades   | 1 2 |  2.6
Long Blades    | 1 2 |  2.6
Axes           | 1 2 |  2.6
Polearms       | 1 2 |  2.6
Staves         | 1 2 |  2.6
Ranged Weapons | 1 2 |  2.6
Throwing       | 1 2 |  2.6
Dodging        | 1 2 |  2.6
Stealth        | 1 2 |  2.6
Unarmed Combat | 1 2 |  2.6
Spellcasting   | 1 2 |  2.6
Evocations     | 1 2 |  2.6
Conjurations   | 1 2 |  2.1
Hexes          | 1 2 |  2.1
Summonings     | 1 2 |  2.1
Necromancy     | 1 2 |  2.1
Translocations | 1 2 |  2.1
Transmutations | 1 2 |  2.1
Fire Magic     | 1 2 |  2.1
Ice Magic      | 1 2 |  2.1
Air Magic      | 1 2 |  2.1
Earth Magic    | 1 2 |  2.1
Poison Magic   | 1 2 |  2.1
Maces & Flails | 5 |  5.3
Fighting       | 7 |  7.1
Armour         | 7 |  7.1
Shields        | 7 |  7.1

Action                     |  1- 3 |  4- 6 |  7- 9 || total
---------------------------+-------+-------+-------++-------
  Melee: Flail             |    55 |    60 |       ||   115
         Bite              |     7 |    42 |     8 ||    57
         Short sword       |       |   224 |       ||   224
         Rapier            |       |    26 |    70 ||    96
    Use: Potion            |       |    14 |       ||    14
         Scroll            |       |    11 |       ||    11
   Stab: Invisible         |       |    12 |       ||    12
 Armour: Scale mail        |    23 |   139 |       ||   162
         Skin              |       |   189 |       ||   189
         Chain mail        |       |    17 |    37 ||    54
  Dodge: Dodged            |    25 |   200 |    23 ||   248
  Block: Buckler           |    19 |   112 |    20 ||   151

Table legend: (Time is in decaauts)
 A = Elapsed time spent in this place.
 B = Non-inter-level travel time spent in this place.
 C = Inter-level travel time spent in this place.
 D = Time resting spent in this place.
 E = Time spent auto-exploring this place.
 F = Levels seen in this place.
 G = Mean time per level.
                   A        B        C        D        E       F      G
               +--------+--------+--------+--------+--------+-----+--------+
         Total |   4797 |   4638 |    159 |    496 |   3178 |   6 |  799.5 |
       Dungeon |   4199 |   4040 |    159 |    358 |   2960 |   5 |  839.8 |
       Ossuary |    598 |    598 |      0 |    138 |    218 |   1 |  598.0 |
               +--------+--------+--------+--------+--------+-----+--------+

Top non-repeatable levels by time:
     D:2: 1341 daAuts
     D:1: 845 daAuts
     D:3: 704 daAuts
     D:4: 662 daAuts
     D:5: 645 daAuts
 Ossuary: 598 daAuts
